 Dungeon Crawl Stone Soup version 0.31.0-11-ge490571c62 (webtiles) character file.

Game seed: 17966274582423774022

779 Esekla the Trooper (level 7, -2/38 HPs)
             Began as a Vine Stalker Warper on Jan 31, 2024.
             Slain by a hornet (11 damage)
             ... on level 5 of the Dungeon.
             The game lasted 00:21:36 (2782 turns).

Esekla the Trooper (Vine Stalker Warper)            Turns: 2782, Time: 00:21:36

Health: -2/38      AC:  4    Str:  8    XL:     7   Next: 85%
Magic:  0/13       EV: 12    Int: 15    God:
Gold:   221        SH:  5    Dex: 14    Spells: 11/13 levels left

rFire   + . .        a - +0 falchion
rCold   . . .        (no shield)
rNeg    . . .        B - +2 robe of the Bequeathed Akabeko {Rampage Regen+ Str-5 Stlth+}
rPois   .            (no helmet)
rElec   .            (no cloak)
rCorr   +            (no gloves)
SInv    .            (no boots)
Will    .....        l - amulet of reflection
Stlth   +++          i - ring of resist corrosion
HPRegen 1.86/turn    b - ring of protection from fire
MPRegen 0.13/turn

%: reflection, guardian spirit, rampage
@: slowed, very slow
A: fangs 2, regeneration 1, magic shield, antimagic bite, no potion heal 2
a: no special abilities


You were on level 5 of the Dungeon.
You visited 2 branches of the dungeon, and saw 7 of its levels.
You also visited: Sewer.

You collected 221 gold pieces.

Inventory:

Hand Weapons
 a - a +0 falchion (weapon)
 r - a +0 trident
 s - a +0 dagger
Missiles
 d - 7 darts of dispersal (quivered)
 k - 2 throwing nets
Armour
 B - the +2 robe of the Bequeathed Akabeko (worn) {Rampage Regen+ Str-5 Stlth+}
   (You found it on level 4 of the Dungeon)

   Str-5:     It affects your strength (-5).
   Regen+:    It increases your rate of health regeneration.
   Rampage:   It bestows one free step when moving towards enemies.
   Stlth+:    It makes you more stealthy.
Jewellery
 b - a ring of protection from fire (right hand)
 i - a ring of resist corrosion (left hand)
 j - a ring of ice
 l - an amulet of reflection (around neck)
Scrolls
 c - 2 scrolls of blinking
 m - a scroll of fear {unknown}
 o - 2 scrolls of silence
 q - a scroll of revelation {unknown}
 t - a scroll of acquirement {unknown}
 y - a scroll of teleportation {unknown}
 A - a scroll of fog {unknown}
 C - a scroll of poison {unknown}
 D - a scroll of brand weapon {unknown}
Potions
 e - a potion of haste {unknown}
 f - a potion of mutation
 g - 4 potions of cancellation
 h - a potion of degeneration {unknown}
 n - 2 potions of curing
 p - a potion of enlightenment
 u - a potion of magic {unknown}
 v - 2 potions of invisibility {unknown}
 w - a potion of brilliance {unknown}
 x - a potion of heal wounds {unknown}
 z - a potion of experience {unknown}


   Skills:
 * Level 4.6 Fighting
 + Level 0.6(2.8) Short Blades
 + Level 4.4 Long Blades
 + Level 0.8 Throwing
 - Level 0.7 Armour
 + Level 2.6 Dodging
 + Level 2.2 Stealth
 + Level 0.8 Shields
 * Level 3.9 Spellcasting
 + Level 3.3 Translocations


You had 11 spell levels left.
You knew the following spells:

 Your Spells              Type           Power      Damage    Failure   Level
b - Blink                 Tloc           26%        N/A       7%          2

Your spell library contained the following spells:

 Spells                   Type           Power      Damage    Failure   Level
 Lesser Beckoning         Tloc           26%        N/A       7%          2
 Teleport Other           Tloc           13%        N/A       14%         3
 Volatile Blastmotes      Fire/Tloc      16%        2d11      26%         3
 Manifold Assault         Tloc           13%        N/A       41%         4
 Dazzling Flash           Conj/Hex       4%         N/A       50%         3
 Summon Ice Beast         Ice/Summ       2%         N/A       50%         3
 Vhi's Electric Charge    Tloc/Air       16%        N/A       65%         4
 Summon Mana Viper        Hex/Summ       2%         N/A       99%         5
 Starburst                Conj/Fire      1%         6d3       100%        6
 Monstrous Menagerie      Summ           1%         N/A       100%        7
 Maxwell's Capacitive Co  Air            1%         ∞         100%        8


Dungeon Overview and Level Annotations

Branches:
Dungeon (6/15)             Temple (1/1) D:6           Sewer (visited)

Altars:
Cheibriados
Elyvilon
Fedhas
Hepliaklqana
Okawaru
Qazlal
Ru
Sif Muna
Wu Jian
Zin

Annotations:
D:2 dig 4 treasure


Innate Abilities, Weirdness & Mutations

You have extremely sharp teeth.
Your natural rate of healing is unusually fast.
When hurt, damage is shared between your health and your magic reserves.
Your bite disrupts and absorbs the magic of your enemies.
Potions cannot restore your health.


Message History

You climb upwards.
There is a stone staircase leading down here.
Okay, then.
You closely miss the hornet. Your bite misses the hornet.
The hornet is lightly wounded.
The hornet stings you.
You feel yourself slow down. The hornet barely misses you.
You hit the hornet.
The hornet is lightly wounded.
The hornet stings you.
You feel as though you will be slow longer.
The hornet stings you!
You feel as though you will be slow longer.
You hit the hornet but do no damage. Your bite misses the hornet.
The hornet is lightly wounded.
The hornet stings you!
You feel as though you will be slow longer.
The hornet stings you but does no damage.
The hornet stings you!
You feel as though you will be slow longer.
You hit the hornet. You bite the hornet, but do no damage.
The hornet is lightly wounded.
The hornet barely misses you. The hornet stings you.
You feel as though you will be slow longer.
You barely miss the hornet.
The hornet is lightly wounded.
The hornet stings you!
* * * LOW HITPOINT WARNING * * *
You feel as though you will be slow longer.
You block the hornet's attack.
You miss the hornet. Your bite misses the hornet.
The hornet is lightly wounded.
The hornet stings you.
* * * LOW HITPOINT WARNING * * *
You feel as though you will be slow longer.
The hornet barely misses you. x2
You closely miss the hornet. Your bite misses the hornet.
The hornet is lightly wounded.
You block the hornet's attack. The hornet stings you!
You die...

.. #..# #... ##..# ##..
#..## #.. #..# ##. #..# #.
#### ##..# #. ##..####...#
#. # ##.....##y..# #. #
#.......#.@.## #. ##
##............# #.
.#####........##...#### #.
..............####....####
## ..##..........#
##......### #
####..........#
##........### # #
#...........#
#...........####
#...........#
#.............##
##...........#
#...............


You could see a hornet.

Vanquished Creatures
  2 centaurs (D:5)
  2 brain worms (Sewer)
  A scorpion (D:6)
  2 hounds (D:5)
  A bombardier beetle (D:6)
  An orc priest (D:4)
  Natasha (D:3)
  3 orc wizards
  2 gnolls
  7 adders
  5 river rats
  A white imp (D:5)
  2 ribbon worms
  A dart slug (D:1)
  6 orcs
  3 endoplasms
  4 giant cockroaches
  8 goblins
  7 hobgoblins
  2 quokkas
  6 ball pythons
  5 bats
  10 frilled lizards
  8 kobolds
  15 rats
105 creatures vanquished.

Notes
Turn   | Place    | Note
-------+----------+-------------------------------------------
     0 | D:1      | Esekla the Vine Stalker Warper began the quest for the Orb.
     0 | D:1      | Reached XP level 1. HP: 11/11 MP: 4/4
   179 | D:1      | Reached XP level 2. HP: 15/15 MP: 6/6
   353 | D:1      | Reached XP level 3. HP: 10/19 MP: 3/7
   356 | D:1      | Learned a level 2 spell: Blink
   984 | D:2      | Reached XP level 4. HP: 23/23 MP: 8/8
  1029 | D:3      | Noticed Natasha
  1039 | D:3      | Killed Natasha
  1353 | D:4      | Reached XP level 5. HP: 28/28 MP: 9/9
  1382 | D:4      | Found a glowing drain.
  1400 | Sewer    | Entered a sewer
  1599 | Sewer    | Reached XP level 6. HP: 26/33 MP: 5/11
  1713 | Sewer    | Reached skill level 1 in Stealth
  1870 | D:4      | Identified the +2 robe of the Bequeathed Akabeko {Rampage
                  | Regen+ Str-5 Stlth+}
  2119 | D:5      | Entered Level 5 of the Dungeon
  2131 | D:5      | Reached XP level 7. HP: 37/37 MP: 11/13
  2673 | D:6      | Found a staircase to the Ecumenical Temple.
  2690 | Temple   | Entered the Ecumenical Temple
  2769 | D:6      | Noticed a hornet
  2782 | D:5      | Slain by a hornet

Illustrated notes

Levels and vault maps discovered:
D:1:      dpeg_arrival_water_temple_mockup, layout_rooms, minmay_3d_cube
D:2:      layout_rooms, serial_glass, glass_columns_b, glass_columns_a,
          feat_on_display, minmay_strange_pillars, due_unseen_surprise,
          feat_on_display, kennysheep_generic_room_16
D:3:      layout_loops_ring, uniq_natasha
D:4:      layout_cave_pools, portal_sewer_entry_e, hangedman_decor_lopped
D:5:      layout_cave_pods, serial_shops, shop, uniq_menkaure
D:6:      layout_cave_pools, grunt_temple_overflow_open, minitemple,
          minmay_temple_entry_statues_pillars, kennysheep_crisscross,
          corexii_shack
Temple:   eino_temple_lava

Skill      XL: |  1  2  3  4  5  6  7 |
---------------+----------------------+-----
Fighting       | 2 3 4 |  4.6
Long Blades    | 2 3 4 |  4.4
Dodging        | 2 |  2.6
Spellcasting   | 3 |  3.9
Stealth        | 1 2 |  2.2
Short Blades   | |  0.6
Throwing       | |  0.8
Armour         | |  0.7
Shields        | |  0.8
Translocations | |  3.3

Action                     |  1- 3 |  4- 6 |  7- 9 || total
---------------------------+-------+-------+-------++-------
  Melee: Falchion          |   118 |   186 |    50 ||   354
         Bite              |    32 |    59 |    19 ||   110
         Dagger            |       |     7 |     6 ||    13
         Punch             |       |       |     1 ||     1
    Use: Scroll            |       |     4 |       ||     4
         Potion            |       |     1 |       ||     1
   Stab: Sleeping          |     1 |     4 |     3 ||     8
         Distracted        |       |     1 |       ||     1
 Armour: Robe              |    54 |   103 |    66 ||   223
  Dodge: Dodged            |    73 |   104 |    50 ||   227
  Block: Other             |       |    29 |    12 ||    41
